← All builds
Pond / Armada / Economy first / OBSERVED BUILD

Banshee air

Pond opens an Aircraft Plant by ~2:57 and commits to Banshee gunships with Falcon support from around 3:15, an unusual full air-focused build for the role with dedicated repeat players.

#air #raid · 21 distinct matches · 7 players · 2% of Armada Pond games · team won 33% of 21 · Recently observed

THE CATCH, AND WHAT COMES WITH IT
  • BansheeT1 air gunships from 3:15 · 2% of role by thenFrom the Aircraft Plant. Only 2% of Pond games have it by then; others who build it get it around 4:47
  • Aircraft PlantAircraft Plant in 100%4% of all Pond games by then
  • FalconFighter in 71%2% of all Pond games by then
  • FalconFighter in 57%1% of all Pond games by then
  • BansheeBanshee in 57%1% of all Pond games by then

Where those units first fight, in 21 games with kill data: in the middle 76%, on their own side 24%.

Those units destroy a typical 2,823 metal of enemy units by 15:00.

Then transitions into blitz (13% of army), fighter (11% of army).

HOW TO PLAY IT

Key timing: Aircraft Plant by 3:15

  1. Open tidal-based eco, skipping Pond's usual ground lab plan.
  2. Rush Aircraft Plant instead of boosting front on the ground.
  3. Push Banshee gunships as the main early attacker.
  4. Mix in Falcon fighters to contest the middle skies.
  5. Keep reinforcing with Banshee as the core army composition.

Phase by phase

TYPICAL OF ITS 21 GAMES · AGAINST STANDARD POND
  1. 1
  2. 2
  3. 3
  4. 4
PLAY THE OPENING

Follow the example game's first 6:00 step by step: what to build now, what comes next, and where it goes. At 1× it keeps pace with your own game.

  1. 1

    Up to the T1 air gunships

    Economy
    • Metal Extractor4Mex
    • Wind Turbine6Wind+2 vs standard
    • Solar Collector1Solar
    Order
    1. Aircraft PlantAircraft Plant after 4 mex, 5 wind, 1 solar
    2. BansheeT1 air gunships after 4 mex, 6 wind, 1 solar

    Some games also: energy storage (48%) · solar for allies (48%) · tidal (43%) · tidal for allies (38%)

    By 3:15 in all: 4 mex · 6 wind (standard 4) · 1 solar

    The example game in this phase · 9 steps
    1. Tidal ×8
    2. Mex ×4
    3. Wind ×5
    4. Energy storage
    5. Wind ×3
    6. Aircraft PlantAircraft Plantdone 3:50 · typical 3:15
    7. StorkLight transport
    8. FalconFighter ×2
    9. BansheeBansheedone 4:28
  2. 2

    T1 air gunships to 5:00

    Economy
    • Wind Turbine1Wind−6 vs standard
    Army
    • Banshee4 Banshee +4 vs standard
    • Falcon2 Fighter +2 vs standard

    By 5:00 in all: 4 mex · 9 wind · 1 solar

    The example game in this phase · 1 step
    1. BansheeBanshee ×2
  3. 3

    5:00 to Bot Lab

    Economy
    • Wind Turbine13Wind
    • Energy Converter2Converter
    Order
    1. Bot LabBot Lab after 4 mex, 30 wind, 3 con turretdone ~9:38, middle half 5:54–12:18
    Builders
    • Construction Turret2 Con turret
    Army
    • Banshee5 Banshee +5 vs standard

    Some games also: fighter (43%) · con aircraft (38%) · energy storage (33%)

    By 9:28 in all: 4 mex · 30 wind · 1 solar · 3 converter · 1 energy storage · 2 con turret

    The example game in this phase · 12 steps
    1. FalconFighter
    2. BansheeBanshee ×5
    3. FalconFighter ×7
    4. Wind ×2
    5. FalconFighter
    6. Advanced Metal ExtractorT2 mexdone 8:56 · typical 9:42
    7. Wind ×3
    8. FalconFighter
    9. Wind
    10. FalconFighter ×6
    11. Advanced Metal ExtractorT2 mex
    12. FalconFighter ×3
  4. 4

    Bot Lab to 15:00

    Economy
    • Wind Turbine19Wind
    Builders
    • Construction Turret2 Con turret −2 vs standard

    Some games also: converter (33%) · banshee (33%)

    The standard build makes here, this one skips: 6 tick

    By 15:00 in all: 4 mex · 46 wind · 1 solar · 5 converter (standard 9) · 1 energy storage · 5 con turret

    The example game in this phase · 61 steps
    1. FalconFighter ×2
    2. Advanced Metal ExtractorT2 mex
    3. Construction AircraftCon aircraft
    4. Advanced Metal ExtractorT2 mex
    5. Construction AircraftCon aircraft
    6. Con turret
    7. Construction AircraftCon aircraft
    8. Con turret
    9. Wind ×2
    10. FalconFighter
    11. Con turret ×2
    12. FalconFighter
    13. Wind
    14. FalconFighter
    15. Wind ×2
    16. FalconFighter
    17. Wind
    18. FalconFighter ×2
    19. Wind ×3
    20. FalconFighter
    21. Wind ×2
    22. FalconFighter
    23. BansheeBanshee
    24. Wind
    25. BansheeBanshee
    26. Wind ×2
    27. BansheeBanshee
    28. Wind ×2
    29. Con turret
    30. BansheeBanshee ×2
    31. Wind ×4
    32. FalconFighter
    33. Wind ×2
    34. FalconFighter
    35. Wind ×2
    36. FalconFighter ×2
    37. Wind ×4
    38. FalconFighter ×2
    39. Wind ×3
    40. FalconFighter ×2
    41. Wind
    42. FalconFighter
    43. Wind ×2
    44. FalconFighter ×2
    45. Wind
    46. FalconFighter
    47. Wind
    48. Fusion ReactorFusionnot finished by 15:00
    49. Wind
    50. FalconFighter
    51. Wind ×3
    52. FalconFighter
    53. Wind ×2
    54. FalconFighter
    55. Wind
    56. Con turret
    57. Wind
    58. Con turret
    59. Wind
    60. FalconFighter
    61. Wind ×5

Counts are medians over the build's games: half of them build more, half fewer. The example game is Rysica's (39 OS, 03/08/2026); pick another.

Team trades

IN AT LEAST 30% OF ITS GAMES

You hand over

  • Tidal Generator8 Tidal to Suicide front or Frontfirst at 0:09 · in 38% of games
  • Solar Collector6 Solar to Suicide front or Frontfirst at 0:17 · in 48% of games

You get

  • Advanced Construction Bot1 T2 con bot from Techfirst at 7:54 · in 90% of games

How it plays out

Typical game of this build against the role’s standard build, running totals by minute

  • This build
  • Standard pond

Metal produced

010k20k
0:005:0010:0015:00

metal

Enemy metal destroyed

02k4k6k
0:005:0010:0015:00

metal

Own metal lost

02k4k
0:005:0010:0015:00

metal

21 games.

Show as table
ByMetal produced: This buildMetal produced: Standard pondEnemy metal destroyed: This buildEnemy metal destroyed: Standard pondOwn metal lost: This buildOwn metal lost: Standard pond
1:002311150000
2:006112730000
3:0012648170000
4:00191515100000
5:002520223100730
6:003213298516206340
7:00392138417694807480
8:004936474225311276956148
9:0057375693278020251361379
10:0066996872290628651642720
11:00787783343043331716891188
12:009791102903330368423171616
13:0011787125933548426228071966
14:0013732149143548478028072454
15:0016020174563649532430013030
WHAT THE NUMBERS SAY

Won far less often than the standard build, with lower metal produced and destroyed and more losses by 15:00.

  • + Aircraft Plant up by 2:57 in all games, radically earlier than role norm.
  • − Won only 30% of games vs 48% for standard.
  • − Destroyed just 3649 metal by 15:00, below standard's 5316, and lost more too.
THE EXAMPLE YOU ARE READING

Rysica

38.7 OS · 03/08/2026

Open source match ↗

11 received units · includes a constructor
61 metal received · 21704 energy received

Allied construction assistance is unknown. Timings are observations, not a promise of solo reproducibility.

Typical milestones

Aircraft Plant3:15Middle 50%: 2:51–3:56 · n=21
Bot Lab9:38Middle 50%: 5:54–12:18 · n=11
Advanced Metal Extractor9:42Middle 50%: 8:51–10:59 · n=17

Played most by

yubiyubi11games of this buildUsurpeR3games of this buildHorlof2games of this buildViltrum2games of this build0neTw01game of this build